 Dungeon Crawl Stone Soup version 0.27-a0-1202-ge72e49191c (webtiles) character file.

Game seed: 17763527403367070550

185826 tilp the Impaler (level 18, -1/146 HPs)
             Began as a Barachi Summoner on June 2, 2021.
             Was the Champion of Okawaru.
             Slain by an Ice Fiend (8 damage)
             ... in an ice cave on June 3, 2021.
             The game lasted 02:14:36 (50413 turns).

tilp the Impaler (Barachi Summoner)                Turns: 50413, Time: 02:14:36

Health: -1/146     AC: 20    Str: 18    XL:     18   Next: 45%
Magic:  4/30       EV: 18    Int: 16    God:    Okawaru [******]
Gold:   2869       SH:  0    Dex: 12    Spells: 2/34 levels left

rFire    . . .     SeeInvis .   a - +5 halberd (elec)
rCold    + . .     Faith    .   (shield currently unavailable)
rNeg     . . .     Spirit   .   M - +3 ring mail {Will+}
rPois    .         Reflect  .   S - +2 hat {Stlth+}
rElec    .         Harm     .   m - +2 cloak
rCorr    .         Rampage  .   n - +2 pair of gloves
Will     ++...                  T - +2 pair of boots {Stlth+}
Stlth    ++++......             K - amulet of regeneration
HPRegen  1.34/turn              A - ring of protection from cold
MPRegen  0.22/turn              z - +4 ring of evasion

@: slow
A: amphibious, slowness 1, strong legs 2, +LOS
a: Hop, Renounce Religion, Heroism, Finesse


You were in an ice cave.
You worshipped Okawaru.
Okawaru was exalted by your worship.
You visited 6 branches of the dungeon, and saw 30 of its levels.
You also visited: Bailey and Ice Cave.

You collected 4741 gold pieces.
You spent 1872 gold pieces at shops.

Inventory:

Hand Weapons
 a - a +5 halberd of electrocution (weapon)
 b - a +9 vorpal bardiche
 P - the +8 Vampire's Tooth {vamp}
   (You found it on level 9 of the Dungeon)

   It inflicts no extra harm, but heals its wielder when it wounds a living foe.
Missiles
 c - 79 poisoned darts (quivered)
 x - 120 boomerangs
 y - 3 throwing nets
 Q - 3 atropa-tipped darts
 V - 6 curare-tipped darts
Armour
 m - a +2 cloak (worn)
 n - a +2 pair of gloves (worn)
 L - a +0 buckler of protection
 M - a +3 ring mail of willpower (worn)
 S - a +2 hat of stealth (worn)
 T - a +2 pair of boots of stealth (worn)
Jewellery
 r - a +4 ring of protection
 z - a +4 ring of evasion (right hand)
 A - a ring of protection from cold (left hand)
 E - a ring of protection from fire
 F - a ring of flight
 I - a ring of resist corrosion
 K - an amulet of regeneration (around neck)
 W - a ring of poison resistance
 Z - a ring of wizardry
Wands
 e - a wand of polymorph (10)
 s - a wand of iceblast (37)
 u - a wand of acid (8)
 v - a wand of charming (6)
 w - a wand of mindburst (74)
 N - a wand of digging (4)
Scrolls
 f - 14 scrolls of teleportation
 l - 6 scrolls of magic mapping
 p - a scroll of silence
 O - 3 scrolls of fog
 R - 3 scrolls of holy word
Potions
 d - 3 potions of berserk rage
 g - 8 potions of ambrosia
 h - 4 potions of magic
 i - 6 potions of attraction
 j - 6 potions of resistance
 o - 8 potions of brilliance
 q - 8 potions of haste
 t - 4 potions of heal wounds
 B - 6 potions of might
 C - 12 potions of mutation
 D - 5 potions of lignification
 G - 7 potions of curing
 J - a potion of cancellation
 U - a potion of invisibility
Miscellaneous
 k - a lightning rod (4/4)
 H - a tin of tremorstones (2/2)
 X - a phantom mirror
 Y - a condenser vane


   Skills:
 - Level 14.0 Fighting
 - Level 8.0 Short Blades
 - Level 16.0 Polearms
 - Level 4.0 Armour
 - Level 10.0 Dodging
 - Level 4.0 Stealth
 - Level 4.0 Shields
 + Level 8.9 Spellcasting
 - Level 4.0 Hexes
 + Level 15.5 Summonings
 - Level 4.0 Ice Magic
 - Level 4.0 Air Magic
 - Level 12.0 Invocations
 - Level 8.0 Evocations


You had 2 spell levels left.
You knew the following spells:

 Your Spells              Type           Power      Damage    Failure   Level
a - Summon Hydra          Summ           27%        N/A       26%         7
c - Call Canine Familiar  Summ           54%        N/A       1%          3
d - Summon Guardian Gole  Hex/Summ       38%        N/A       1%          3
e - Summon Ice Beast      Ice/Summ       38%        N/A       3%          4
f - Summon Lightning Spi  Summ/Air       38%        N/A       3%          4
g - Shadow Creatures      Summ           N/A        N/A       4%          6
h - Summon Mana Viper     Hex/Summ       38%        N/A       9%          5

Your spell library contained the following spells:

 Spells                   Type           Power      Damage    Failure   Level
 Summon Small Mammal      Summ           100%       N/A       1%          1
 Call Imp                 Summ           54%        N/A       1%          2
 Ensorcelled Hibernation  Hex/Ice        38%        N/A       5%          2
 Slow                     Hex            19%        N/A       5%          2
 Shock                    Conj/Air       52%        1d6       8%          1
 Corpse Rot               Necr/Air       N/A        N/A       12%         2
 Poisonous Vapours        Pois/Air       26%        N/A       12%         2
 Static Discharge         Conj/Air       13%        N/A       12%         2
 Beastly Appendage        Tmut           14%        N/A       19%         1
 Foxfire                  Conj/Fire      28%        2x1d5     19%         1
 Magic Dart               Conj           28%        1d4       19%         1
 Blink                    Tloc           N/A        N/A       26%         2
 Wereblood                Tmut           7%         N/A       26%         2
 Animate Armour           Summ/Erth      62%        N/A       8%          4
 Swiftness                Air            19%        N/A       11%         3
 Summon Forest            Summ/Tloc      15%        N/A       21%         5
 Inner Flame              Hex/Fire       13%        N/A       24%         3
 Mephitic Cloud           Conj/Pois/Air  11%        N/A       30%         3
 Airstrike                Air            9%         N/A       34%         4
 Conjure Flame            Conj/Fire      7%         6-21      47%         3
 Spider Form              Tmut/Pois      3%         N/A       47%         3
 Stone Arrow              Conj/Erth      14%        3d7       47%         3
 Ice Form                 Ice/Tmut       13%        N/A       61%         4
 Silence                  Hex/Air        9%         N/A       67%         5
 Animate Dead             Necr           3%         N/A       87%         4
 Sticky Flame             Conj/Fire      7%         2d3       87%         4
 Lightning Bolt           Conj/Air       6%         1d18      91%         5
 Bolt of Magma            Conj/Fire/Erth 3%         4d5       99%         5
 Borgnjor's Vile Clutch   Necr/Erth      3%         N/A       99%         5
 Fireball                 Conj/Fire      3%         3d4       99%         5
 Hydra Form               Tmut           3%         N/A       99%         5
 Irradiate                Conj/Tmut      3%         3d14      99%         5
 Blade Hands              Tmut           3%         N/A       100%        6
 Death Channel            Necr           3%         N/A       100%        6
 Eringya's Noxious Bog    Tmut/Pois      3%         N/A       100%        6
 Freezing Cloud           Conj/Ice/Air   7%         6-21      100%        6
 Simulacrum               Ice/Necr       6%         N/A       100%        6
 Statue Form              Tmut/Erth      4%         N/A       100%        6
 Dragon Form              Tmut           3%         N/A       100%        7


Dungeon Overview and Level Annotations

Branches:
Dungeon (15/15)            Temple (1/1) D:6            Lair (6/6) D:9
  Swamp (4/4) Lair:4        Snake (2/4) Lair:2        Slime (0/5) Lair:5
    Orc (2/2) D:12            Elf (0/3) Orc:2        Vaults (0/5) D:13
 Depths (0/5) D:15         Bailey (visited)           IceCv (1/1)

Altars:
Ashenzari
Cheibriados
Dithmenos
Elyvilon
Fedhas
Gozag
Hepliaklqana
Kikubaaqudgha
Makhleb
Nemelex Xobeh
Okawaru
Qazlal
Ru
Sif Muna
Trog
Uskayaw
Vehumet
Wu Jian
Xom
Yredelemnul
Zin
The Shining One

Shops:
D:9 [*!   D:14 :   Orc:2 (=[*[

Annotations:
Swamp:1 2 transporters, exclusion: obsidian statue


Innate Abilities, Weirdness & Mutations

You are amphibious.
You cover ground slowly.
You can hop long distances.
You have an extended range of vision and can be seen from far away.


Message History

A five-headed hydra appears.
The ufetubus closely misses you. x2
The ice devil misses you. The Ice Fiend gestures at you.
The bolt of cold misses you.
The ufetubus hits you but does no damage. x2
The Ice Fiend gestures at you.
The bolt of cold hits the ice devil.
The ice devil completely resists.
The bolt of cold hits you!! You resist.
* * * LOW HITPOINT WARNING * * *
Your four-headed hydra bites the Ice Fiend!
Your four-headed hydra bites the Ice Fiend.
Your four-headed hydra barely misses the Ice Fiend.
Your four-headed hydra bites the Ice Fiend.
Your four-headed hydra bites the ice devil but does no damage.
Your four-headed hydra bites the ice devil! x2
Your four-headed hydra bites the ice devil but does no damage.
You feel much better. The ice devil closely misses you.
The ufetubus barely misses you. The ufetubus misses you.
The Ice Fiend claws your four-headed hydra!!
The Ice Fiend freezes your four-headed hydra!!
Your four-headed hydra seems to slow down.
Your four-headed hydra dies!
Your four-headed hydra's corpse disappears in a puff of smoke!
Your four-headed hydra bites the ice devil!
The ice devil dies!
Okawaru accepts your kill.
Your four-headed hydra misses the ufetubus. x2
Your four-headed hydra bites the ufetubus.
Your five-headed hydra bites the Ice Fiend!
Your five-headed hydra bites the Ice Fiend but does no damage. x3
Your five-headed hydra closely misses the Ice Fiend.
Casting: Summon Hydra (dangerous; 26% risk of failure)
Confirm with . or Enter, or press ? or * to list all spells.
A four-headed hydra appears.
The ufetubus closely misses you. x2
The Ice Fiend claws you.
* * * LOW HITPOINT WARNING * * *
The Ice Fiend freezes you!! You resist.
* * * LOW HITPOINT WARNING * * *
The Ice Fiend claws you!
You die...

####§.###.≈..§§
#§§##§§#..§§§#
#§§§##§§§§.§## ##
.§§§##§§§§###§ #
.#
.§§§###☼§§#.....
.## ..§##
#§§○#☼§... ..# ##
.#.##
#°§§#§○§####..#.(#
##..#
#☼§§○☼§§..D5D...)#
#...#
#°.#§§§§§.@.1.#
....#
##.##.§#§#1D#.#
.#..# #..#.##.#..#
# .#..##
#....#..##..#
##...#
##..##...#.##
##..# #.......###
#...## ##......#
##...# #.....##
##..## ##...##


You could see 2 Ice Fiends, an ufetubus, a friendly five-headed hydra (summoned)
and 2 friendly four-headed hydras.

Vanquished Creatures
  Saint Roka (Orc:1)
  Rupert (Orc:2)
  A thorn hunter (Swamp:2)
  Donald (Swamp:4)
  A ghost moth (shapeshifter) (D:11)
  An orc warlord (Orc:2)
  Nessos (D:13)
  2 bunyips (Swamp:4)
  An eleionoma (Swamp:2)
  An ice dragon (D:12)
  The ghost of MoonlitKnight the Carver, a journeyman MiBe of Trog (Lair:1)
  Fannar (Lair:3)
  Harold (D:7)
  The ghost of Kuptoy the Convoker, a journeyman DESu of Fedhas (Orc:1)
  2 vault guards (D:13)
  7 hydras
  2 boulder beetles
  2 ghost crabs (Swamp:1)
  A rakshasa (D:15)
  A great orb of eyes (D:15)
  An anaconda (Snake:2)
  A dancing weapon (Orc:1)
  9 alligators
  5 two-headed ogres
  5 centaur warriors
  3 orc high priests (Orc:2)
  2 tengu warriors
  A spriggan berserker (Swamp:4)
  2 naga sharpshooters (Snake:1)
  Sonja (Orc:1)
  A spriggan (Swamp:4)
  Urug (Lair:4)
  A spectral death yak (Lair:1)
  4 spriggan druids
  2 flayed ghosts
  A swamp dragon (Lair:6)
  6 bog bodies
  A sea snake (Snake:1)
  4 deep elf pyromancers
  3 phantasmal warriors
  2 orc knights (Orc:2)
  3 mana vipers (Snake:1)
  2 lindwurms (Swamp:4)
  6 oklob plants
  3 orc sorcerers
  23 ugly things
  A will-o-the-wisp (Swamp:4)
  A salamander (Snake:2)
  2 manticores
  7 cyclopes
  7 elephants
  10 black mambas
  An ice statue (IceCv)
  A naga mage (Snake:1)
  4 torpor snails (Lair:6)
  A gargoyle (D:11)
  14 cane toads
  A kobold demonologist (D:13)
  3 rime drakes
  A torpor snail (shapeshifter) (D:15)
  Maggie (D:9)
  An efreet (D:14)
  9 komodo dragons
  An unseen horror (D:10)
  4 freezing wraiths
  A tengu conjurer (D:14)
  9 tyrant leeches
  A queen bee (Lair:2)
  3 trolls (D:11)
  11 ice devils (IceCv)
  A bloated husk (Swamp:3)
  11 hornets
  A polar bear (Lair:3)
  10 slime creatures
  8 blink frogs
  A meliai zombie (D:11)
  2 dream sheep
  5 shadows
  32 yaks
  6 wyverns
  2 vampires (D:10)
  5 wraiths
  3 fire bats (D:8)
  A spectral komodo dragon (Lair:1)
  9 basilisks
  A golden eye (shapeshifter) (D:14)
  10 vampire mosquitoes
  5 steam dragons
  10 nagas
  3 acid dragons
  10 swamp worms
  12 water moccasins
  5 swamp drakes
  4 black bears (Lair:1)
  16 orc warriors
  3 ice beasts
  5 sky beasts
  2 necrophages (D:8)
  A boggart (D:14)
  3 ogres (Orc:1)
  3 wolves (Lair:2)
  12 centaurs
  A kobold brigand (D:13)
  29 nameless horrors
  10 bullfrogs
  2 gnoll sergeants
  3 scorpions
  17 killer bees
  5 howler monkeys
  2 wights (D:8)
  3 electric eels
  2 bullfrog zombies (D:5)
  5 centaur zombies
  Crazy Yiuf (D:7)
  A komodo dragon simulacrum (Lair:1)
  14 orc priests
  A bullfrog skeleton (D:6)
  A centaur skeleton (D:7)
  7 iguanas
  13 orc wizards
  A hound skeleton (D:4)
  20 gnolls
  A howler monkey skeleton (D:7)
  4 adders
  7 white imps
  6 ufetubi
  A worm (D:4)
  A dart slug (D:2)
  32 orcs
  4 endoplasms
  16 hobgoblins
  4 jackals
  15 kobolds
  3 quokkas
  4 ball pythons
  10 bats
  4 frilled lizards
  3 rats
673 creatures vanquished.

Vanquished Creatures (collateral kills)
  A tentacled monstrosity (Swamp:4)
  Roxanne (Snake:1)
  A fenstrider witch (Swamp:3)
  A nagaraja (Snake:1)
  2 bunyips (Swamp:4)
  Snorg (Orc:2)
  6 fire dragons
  6 vault guards (D:13)
  19 hydras
  2 rakshasas (D:15)
  A naga warrior (Snake:1)
  2 boulder beetles
  A ghost crab (Swamp:4)
  A two-headed ogre (D:11)
  2 anacondas (Snake:1)
  2 centaur warriors
  A death knight (D:14)
  4 alligators
  A catoblepas (Lair:6)
  An orc high priest (Orc:2)
  3 shock serpents
  4 spriggans (Swamp:1)
  6 goliath frogs
  6 swamp dragons
  2 flayed ghosts (D:11)
  A spriggan druid (Swamp:2)
  A naga ritualist (Snake:1)
  A lindwurm (Lair:6)
  2 orc knights
  A mana viper (Snake:1)
  A manticore (D:12)
  A cyclops (D:9)
  2 orc sorcerers
  A will-o-the-wisp (Swamp:4)
  18 ugly things
  A black mamba (shapeshifter) (D:14)
  3 elephants (Lair:6)
  A black mamba (Snake:1)
  2 naga magi (Snake:1)
  An ice statue (IceCv)
  4 cane toads
  2 torpor snails (Lair:6)
  A kobold demonologist (D:13)
  3 ice devils (IceCv)
  3 komodo dragons
  A tengu conjurer (D:13)
  A troll (Orc:1)
  2 polar bears
  A bloated husk (Swamp:1)
  3 hornets
  6 tyrant leeches
  5 blink frogs
  12 slime creatures
  A spectral dream sheep (Lair:1)
  A spriggan (shapeshifter) (D:14)
  3 wraiths
  A wyvern (Lair:4)
  2 yaks (Lair:1)
  3 basilisks
  A vampire mosquito (D:11)
  5 steam dragons
  4 nagas (Snake:1)
  3 swamp worms (Swamp:1)
  2 water moccasins
  5 swamp drakes (Swamp:4)
  11 orc warriors
  A black bear (D:5)
  2 ogres
  2 centaurs (D:13)
  A bullfrog (Lair:3)
  3 gnoll sergeants
  3 scorpions
  A dream sheep simulacrum (Lair:1)
  10 killer bees
  A nameless horror (Orc:2)
  A centaur zombie (D:8)
  4 hounds
  5 orc priests
  Terence (D:3)
  An iguana (D:5)
  2 scorpion zombies (D:5)
  6 orc wizards
  2 adders
  9 gnolls
  3 white imps (IceCv)
  2 ufetubi
  A worm (D:2)
  A dart slug (D:1)
  24 orcs
  3 bats
  An endoplasm (D:1)
  3 hobgoblins (D:1)
  2 jackals
  A quokka (D:5)
  4 goblins (D:1)
  4 kobolds
304 creatures vanquished.

Vanquished Creatures (others)
  A swamp dragon (Swamp:4)
  A lindwurm (Swamp:4)
  A naga mage (Snake:1)
  Psyche (D:9)
  5 bloated husks
  2 steam dragons (Swamp:4)
  3 swamp drakes (Swamp:4)
  3 orc wizards
  3 ufetubi (IceCv)
  A briar patch (Swamp:4)
  25 foxfires
  42 fungi
  90 plants
  6 withered plants (D:8)
184 creatures vanquished.

Grand Total: 1161 creatures vanquished

Notes
Turn   | Place    | Note
-------+----------+-------------------------------------------
     0 | D:1      | tilp the Barachi Summoner began the quest for the Orb.
     0 | D:1      | Reached XP level 1. HP: 13/13 MP: 3/3
   308 | D:1      | Reached skill level 1 in Fighting
   388 | D:1      | Reached XP level 2. HP: 18/22 MP: 5/5
   494 | D:1      | Learned a level 2 spell: Call Imp
   569 | D:1      | Reached skill level 5 in Summonings
  1227 | D:1      | Reached XP level 3. HP: 27/27 MP: 6/6
  1231 | D:1      | Learned a level 3 spell: Call Canine Familiar
  2068 | D:3      | Found an ornate altar of the Wu Jian Council.
  2288 | D:3      | Noticed Terence
  2312 | D:3      | Killed Terence
  2313 | D:3      | Reached XP level 4. HP: 33/33 MP: 2/8
  2448 | D:3      | Found a faded altar of an unknown god.
  2736 | D:3      | Found a glowing golden altar of the Shining One.
  2801 | D:4      | Noticed an orc warrior
  2956 | D:4      | Reached skill level 1 in Polearms
  2956 | D:4      | Reached XP level 5. HP: 36/38 MP: 4/9
  3682 | D:4      | Found a snail-covered altar of Cheibriados.
  4053 | D:5      | Entered Level 5 of the Dungeon
  4087 | D:5      | Noticed a black bear
  4099 | D:5      | Reached skill level 2 in Polearms
  4104 | D:5      | Reached XP level 6. HP: 21/46 MP: 5/10
  4328 | D:5      | Killed a black bear
  4496 | D:5      | Reached skill level 3 in Polearms
  4670 | D:5      | Reached XP level 7. HP: 52/52 MP: 4/11
  5053 | D:5      | Identified the +8 dagger of Jyhepy {vorpal, rElec rF+
                  | Str-3}
  5077 | D:5      | Reached skill level 4 in Polearms
  5229 | D:5      | Noticed a nameless horror
  5240 | D:5      | Killed a nameless horror
  5459 | D:5      | Identified a scroll of acquirement
  5459 | D:5      | Acquired 932 gold pieces
  5591 | D:6      | Noticed a steam dragon
  5611 | D:6      | Killed a steam dragon
  5809 | D:6      | Found a sacrificial altar of Ru.
  6044 | D:6      | Found a staircase to the Ecumenical Temple.
  6054 | Temple   | Entered the Ecumenical Temple
  6133 | Temple   | Became a worshipper of Warmaster Okawaru
  6233 | D:6      | Reached XP level 8. HP: 60/60 MP: 2/13
  6742 | D:7      | Reached skill level 1 in Invocations
  6746 | D:7      | Learned a level 3 spell: Summon Guardian Golem
  6751 | D:7      | Learned a level 4 spell: Summon Ice Beast
  6809 | D:7      | Reached * piety under Okawaru
  7305 | D:7      | Noticed a hornet
  7313 | D:7      | Paralysed by a hornet for 1 turns
  7317 | D:7      | Paralysed by a hornet for 2 turns
  7326 | D:7      | Killed a hornet
  7652 | D:7      | Found a runed translucent door.
  7653 | D:7      | Noticed Crazy Yiuf
  7842 | D:7      | Noticed Harold
  7882 | D:7      | Reached XP level 9. HP: 54/65 MP: 7/15
  7958 | D:7      | Reached ** piety under Okawaru
  7965 | D:7      | Reached skill level 1 in Ice Magic
  8174 | D:7      | Found a stormy altar of Qazlal.
  8946 | D:8      | Found a sparkling altar of Nemelex Xobeh.
  9131 | D:8      | Reached *** piety under Okawaru
  9745 | D:8      | Reached skill level 10 in Summonings
  9850 | D:8      | Found a shadowy altar of Dithmenos.
  9974 | D:8      | Found a runed translucent door.
  9974 | D:8      | Noticed a flayed ghost
  9982 | D:8      | Found a burning altar of Makhleb.
 10000 | D:8      | Found a sparkling altar of Nemelex Xobeh.
 10102 | D:8      | Reached skill level 5 in Fighting
 10102 | D:8      | Reached XP level 10. HP: 66/74 MP: 6/16
 10109 | D:8      | Reached skill level 5 in Polearms
 10268 | D:8      | Found a glowing golden altar of the Shining One.
 10274 | D:8      | Reached skill level 5 in Invocations
 10385 | D:8      | Reached **** piety under Okawaru
 10448 | D:8      | Found an ancient bone altar of Kikubaaqudgha.
 10462 | D:8      | Found a white marble altar of Elyvilon.
 10731 | D:9      | Found Budygecso's Distillery.
 10734 | D:9      | Bought a potion of lignification for 33 gold pieces
 10734 | D:9      | Bought a potion of flight for 33 gold pieces
 10734 | D:9      | Bought a potion of curing for 33 gold pieces
 10734 | D:9      | Bought a potion of curing for 33 gold pieces
 10734 | D:9      | Bought a potion of curing for 33 gold pieces
 10848 | D:9      | Found a staircase to the Lair.
 10913 | D:9      | Noticed Psyche
 10913 | D:9      | Noticed a cyclops
 11099 | D:9      | Noticed Maggie
 11123 | D:9      | Killed Maggie
 11124 | D:9      | Reached skill level 6 in Polearms
 11155 | D:9      | Learned a level 4 spell: Summon Lightning Spire
 11297 | D:9      | Found a radiant altar of Vehumet.
 11350 | D:9      | Found the +8 Vampire's Tooth {vamp}
 11384 | D:9      | Found a hazy altar of Hepliaklqana.
 11489 | D:9      | Found Qoeqas's Antique Armour Shop.
 11494 | D:9      | Bought a runed buckler for 202 gold pieces
 11506 | D:9      | Bought a glowing ring mail for 189 gold pieces
 11532 | D:9      | Found Wamenuuch's Assorted Antiques.
 11541 | D:9      | Bought a scroll of identify for 58 gold pieces
 11541 | D:9      | Bought 2 coppery potions for 52 gold pieces
 11541 | D:9      | Bought a scroll of enchant armour for 217 gold pieces
 11541 | D:9      | Bought a blackened emerald amulet for 145 gold pieces
 11593 | D:9      | Found a shadowy altar of Dithmenos.
 11762 | D:9      | Reached skill level 1 in Air Magic
 12297 | D:10     | Entered Level 10 of the Dungeon
 12399 | D:10     | Found a flagged portal.
 12437 | Bailey   | Entered a bailey
 12589 | Bailey   | Noticed an orc knight
 12873 | Bailey   | Killed an orc knight
 13047 | Bailey   | Reached skill level 5 in Dodging
 13047 | Bailey   | Reached skill level 5 in Spellcasting
 13047 | Bailey   | Reached XP level 11. HP: 86/86 MP: 17/19
 13328 | D:10     | Found a basalt altar of Yredelemnul.
 13801 | D:10     | Acquired 522 gold pieces
 13939 | D:11     | Received a gift from Okawaru
 14246 | D:11     | Reached XP level 12. HP: 92/94 MP: 8/21
 14247 | D:11     | Reached ***** piety under Okawaru
 14261 | D:11     | Noticed a five-headed hydra
 14274 | D:11     | Killed a five-headed hydra
 14314 | D:11     | Noticed a shock serpent
 14314 | D:11     | Noticed a boulder beetle
 14482 | D:11     | Noticed a two-headed ogre
 14487 | D:11     | Noticed a seven-headed hydra
 14497 | D:11     | Killed a two-headed ogre
 14498 | D:11     | Noticed a two-headed ogre
 14506 | D:11     | Killed a seven-headed hydra
 14516 | D:11     | Killed a two-headed ogre
 14517 | D:11     | Reached skill level 10 in Fighting
 14758 | D:11     | Identified the ring "Tucwar" {Fire rCorr}
 14758 | D:11     | Noticed a centaur warrior
 14776 | D:11     | Noticed a centaur warrior
 14782 | D:11     | Killed a centaur warrior
 14782 | D:11     | Received a gift from Okawaru
 14792 | D:11     | Killed a centaur warrior
 14980 | D:11     | Noticed a fire dragon
 15056 | D:10     | Killed a boulder beetle
 15057 | D:10     | Reached skill level 5 in Short Blades
 15531 | D:11     | Noticed a fire dragon
 15559 | D:11     | Killed a fire dragon
 15730 | D:11     | Noticed a two-headed ogre
 15779 | D:11     | Noticed an eight-headed hydra
 15786 | D:11     | Noticed a centaur warrior
 15795 | D:11     | Killed an eight-headed hydra
 15798 | D:11     | Killed a centaur warrior
 15992 | D:11     | Noticed an orc warlord
 16165 | D:11     | Noticed a tengu warrior
 16186 | D:11     | Killed a tengu warrior
 16187 | D:11     | Gained mutation: You can hop long distances. [Barachi
                  | growth]
 16187 | D:11     | Reached XP level 13. HP: 103/103 MP: 11/22
 16345 | D:11     | Killed a ghost moth
 16345 | D:11     | Reached ****** piety under Okawaru
 16346 | D:11     | Reached skill level 5 in Evocations
 16739 | D:12     | Found a staircase to the Orcish Mines.
 16882 | D:12     | Noticed an ice dragon
 16895 | D:12     | Received a gift from Okawaru
 16931 | D:12     | Killed an ice dragon
 17168 | D:12     | Reached skill level 10 in Invocations
 17168 | D:12     | Reached XP level 14. HP: 111/111 MP: 19/23
 17470 | Orc:1    | Entered Level 1 of the Orcish Mines
 17471 | Orc:1    | Noticed Sonja
 17524 | Orc:1    | Killed Sonja
 18012 | Orc:1    | Found a runed translucent door.
 18012 | Orc:1    | Found a shimmering altar of Xom.
 18012 | Orc:1    | Noticed Kuptoy's ghost (journeyman DESu)
 18179 | Orc:2    | Entered Level 2 of the Orcish Mines
 18287 | Orc:2    | Found Soujoret's Armour Emporium.
 18441 | Orc:2    | Noticed Snorg
 18453 | Orc:2    | Killed Snorg
 18458 | Orc:2    | Found a staircase to the Elven Halls.
 18784 | Orc:2    | Noticed Saint Roka
 19159 | D:7      | Killed Crazy Yiuf
 19218 | D:7      | Killed Harold
 19567 | D:9      | Killed Psyche
 19818 | Lair:1   | Entered Level 1 of the Lair of Beasts
 20893 | Lair:1   | Found a runed translucent gate.
 20893 | Lair:1   | Found a runed translucent gate.
 20893 | Lair:1   | Found a runed translucent gate.
 20894 | Lair:1   | Noticed MoonlitKnight's ghost (journeyman MiBe)
 21263 | Lair:2   | Identified the +3 hunting sling of Ris Ilu {venom, rPois
                  | rN+++ Int-4 SInv} (Okawaru gifted it to you on level 2 of
                  | the Lair of Beasts)
 21263 | Lair:2   | Received a gift from Okawaru
 21279 | Lair:2   | Reached skill level 7 in Polearms
 21350 | Lair:2   | Found a staircase to the Snake Pit.
 21929 | Lair:2   | Reached skill level 8 in Polearms
 22060 | Lair:2   | Reached XP level 15. HP: 120/120 MP: 13/27
 22591 | Lair:3   | Noticed Fannar
 22657 | Lair:3   | Killed Fannar
 22853 | Lair:3   | Reached skill level 9 in Polearms
 24035 | Lair:4   | Found a staircase to the Swamp.
 24086 | Lair:4   | Reached skill level 10 in Polearms
 24135 | Lair:4   | Reached skill level 1 in Armour
 24225 | Lair:4   | Identified the +10 hand crossbow "Aronec" {vorpal, Drain
                  | rElec rN+++} (Okawaru gifted it to you on level 4 of the
                  | Lair of Beasts)
 24225 | Lair:4   | Received a gift from Okawaru
 24332 | Lair:4   | Noticed Urug
 24343 | Lair:4   | Killed Urug
 24663 | Lair:4   | Learned a level 6 spell: Shadow Creatures
 25975 | Lair:5   | Found a staircase to the Slime Pits.
 26522 | Lair:6   | Entered Level 6 of the Lair of Beasts
 26818 | Lair:6   | Identified Cuwor's Papyrus of Calling
 26826 | Lair:6   | Learned a level 5 spell: Summon Mana Viper
 27194 | Lair:6   | Found a runed translucent door.
 27299 | Lair:6   | Received a gift from Okawaru
 28612 | Lair:6   | Reached skill level 1 in Hexes
 30283 | D:13     | Reached XP level 16. HP: 127/127 MP: 6/28
 30429 | D:13     | Found an ornate altar of the Wu Jian Council.
 30462 | D:13     | Noticed Nessos
 30472 | D:13     | Killed Nessos
 31511 | D:13     | Received a gift from Okawaru
 31570 | D:13     | Found a gate to the Vaults.
 32131 | Orc:1    | Killed Saint Roka
 33317 | Orc:2    | Noticed Rupert
 33339 | Orc:2    | Killed Rupert
 33352 | Orc:2    | Reached skill level 15 in Summonings
 34194 | Orc:2    | Received a gift from Okawaru
 34438 | Orc:2    | Found Cuadgh's Antique Armour Emporium.
 34439 | Orc:2    | Found Leqiukhlu's Antique Weapon Shoppe.
 34442 | Orc:2    | Found Caisush's General Store.
 34442 | Orc:2    | Found Wosahos's Jewellery Emporium.
 34693 | Orc:2    | Bought a pair of glowing boots for 210 gold pieces
 34693 | Orc:2    | Bought a spiked helmet for 266 gold pieces
 34693 | Orc:2    | Identified the -5 helmet "Gatucko" {Dex+3} (You bought it
                  | in a shop on level 2 of the Orcish Mines)
 34866 | D:14     | Identified the +9 broad axe "Nexuruaxt" {vorpal, Str+3}
 35944 | D:14     | Found Erif Jemn's Book Shoppe.
 35977 | D:14     | Reached skill level 10 in Dodging
 36458 | Orc:2    | Bought a ring of protection from cold for 275 gold pieces
 36458 | Orc:2    | Bought a scroll of enchant armour for 82 gold pieces
 36581 | D:15     | Entered Level 15 of the Dungeon
 37105 | D:14     | Received a gift from Okawaru
 37474 | D:15     | Reached XP level 17. HP: 139/139 MP: 23/29
 37775 | D:15     | Reached skill level 11 in Polearms
 38174 | D:15     | Found a staircase to the Depths.
 38506 | D:14     | Learned a level 7 spell: Summon Hydra
 38668 | Lair:1   | Killed MoonlitKnight's ghost
 39098 | Lair:1   | Reached skill level 12 in Polearms
 39268 | Orc:1    | Killed Kuptoy's ghost
 39395 | Snake:1  | Entered Level 1 of the Snake Pit
 39423 | Lair:2   | HP: 4/128 [shock serpent/bolt of electricity (24)]
 39595 | Swamp:1  | Entered Level 1 of the Swamp
 39764 | Swamp:1  | Received a gift from Okawaru
 39875 | Swamp:1  | Found a transporter.
 39878 | Swamp:1  | Noticed a tentacled monstrosity
 39882 | Swamp:1  | Noticed a tentacled monstrosity
 39889 | Swamp:1  | Noticed a tentacled monstrosity
 40565 | Swamp:1  | Found a transporter.
 40695 | Swamp:2  | Reached skill level 13 in Polearms
 42322 | Swamp:3  | Received a gift from Okawaru
 42439 | Swamp:3  | Reached skill level 14 in Polearms
 43275 | Swamp:4  | Entered Level 4 of the Swamp
 43752 | Swamp:4  | Noticed Donald
 43862 | Swamp:4  | Killed Donald
 43862 | Swamp:4  | Received a gift from Okawaru
 43863 | Swamp:4  | Noticed a tentacled monstrosity
 43925 | Swamp:4  | Killed a tentacled monstrosity
 44447 | Swamp:4  | Received a gift from Okawaru
 44575 | Swamp:4  | Reached skill level 15 in Polearms
 44606 | Swamp:4  | Reached XP level 18. HP: 146/146 MP: 1/30
 47688 | Orc:2    | Bought a scroll of noise for 11 gold pieces
 48278 | Snake:1  | Identified the +6 whip of Zyrukhemeh {vorpal, Stlth+}
 48642 | Snake:1  | Identified Roxanne's Incunabulum of the Mountains
 48642 | Snake:1  | Noticed Roxanne
 48954 | Snake:1  | Killed Roxanne
 48955 | Snake:1  | Reached skill level 16 in Polearms
 49747 | Snake:2  | Found a frozen archway.
 49753 | IceCv    | Entered an ice cave
 50399 | IceCv    | Noticed an Ice Fiend
 50399 | IceCv    | Noticed an Ice Fiend
 50411 | IceCv    | HP: 7/146 [Ice Fiend/bolt of cold (26)]
 50413 | IceCv    | Slain by an Ice Fiend

Illustrated notes

Levels and vault maps discovered:
D:1:      minmay_arrival_widening_spiral_wide, layout_rooms
D:2:      layout_basic
D:3:      layout_rooms, lemuel_tele_altar, tso_oasis_becter,
          chequers_ecumenical_altar_simple, patterned_corridor, uniq_terence
D:4:      layout_basic, lemuel_doored_altar
D:5:      layout_cave_pools, chequers_serial_rivers_micro_e, minmay_hedge_maze,
          kennysheep_generic_room_8
D:6:      layout_rooms, lemuel_crystal_altar, minmay_temple_entry_nine_rooms,
          serial_aquarium, aquarium_bridge_long_joined
          [aquarium_subvault_window, aquarium_subvault_wall,
          aquarium_subvault_wall, aquarium_subvault_bridge,
          aquarium_subvault_bridge, aquarium_subvault_window],
          aquarium_window_1, aquarium_window_corner, aquarium_window_1,
          aquarium_view_2c, aquarium_view_2d, aquarium_balcony_1b,
          minmay_fountain_box
D:7:      layout_rooms, kennysheep_mini, hangedman_misty_isle,
          uniq_crazy_yiuf_cottage, uniq_harold
D:8:      due_megacathedral, layout_loops_ring, nicolae_overflow_hidden_temple,
          serial_undead, serial_undead_b, serial_undead_e, serial_undead_f,
          serial_undead_d, kennysheep_pointless_box
D:9:      layout_loops_ring, riverfiend_overflow_shadow_ancestor,
          old_standard_altar, lair_entry_dummy, serial_shops,
          kennysheep_mini_moat, nicolae_shop_statue_plus, kennysheep_little_box,
          uniq_psyche, uniq_maggie
D:10:     minmay_spotlight, layout_long_grid, marbit_many_paths, enter_bailey_8
D:11:     minmay_complete_graph, layout_irregular_city
D:12:     layout_cross
D:13:     layout_basic, erik_vaults_2, nzn_wu_jian_council_hall, uniq_nessos
D:14:     layout_irregular_city, serial_bayou, serial_bayou_pond_c,
          serial_bayou_pond_a, serial_bayou_pond_a, serial_bayou_pond_d,
          serial_bayou_pond_e, serial_shops, nicolae_shop_behind_doors,
          minmay_starry_boxes
D:15:     gammafunk_enter_depths_forms, layout_cave_pools,
          small_statue_intersection
Temple:   nicolae_temple_hex_pool
Lair:1:   layout_long_grid, gammafunk_ghost_necromancy, st_stairs_6,
          minivault_26, beast_lair_carwin_2, minmay_lair_oklob_chamber,
          grunt_megastairs_5
Lair:2:   layout_roguey, guppyfry_snake_entry_garden, special_room
          [special_room_bee], chequers_serial_rivers_micro_a
Lair:3:   layout_cave_pods, lemuel_fruit_fields, uniq_fannar
Lair:4:   layout_roguey, swamp_mist, uniq_urug
Lair:5:   layout_cave_pods, slime_dummy, grunt_megastairs_3
Lair:6:   wormcave, layout_hall_layers, guppyfry_lair_end_dragon, dpeg_oklob_1
Swamp:1:  gammafunk_sealed_arena, layout_basic_swamp,
          evilmike_swamp_ruin_house_2
Swamp:2:  nicolae_swamp_husk_halls, layout_basic_swamp, serial_swamp_ruin,
          evilmike_swamp_ruin_house_5, evilmike_swamp_ruin_rubble_2,
          evilmike_swamp_ruin_house_1, nicolae_swamp_little_swirl
Swamp:3:  layout_basic_swamp, nicolae_swamp_tree_designs, swamp_pool2,
          infiniplex_staircase_pool_2
Swamp:4:  swamp_fiery, layout_basic_swamp, uniq_donald
Snake:1:  layout_rooms, nicolae_snake_shapes, uniq_roxanne
Snake:2:  layout_misc_corridors, basic_altar, special_room,
          portal_ice_cave_entry_horrid_things, minmay_shoptagon,
          serial_bayou_shore_b
Orc:1:    layout_diamond_mine, ebering_ghost_xom, minmay_orc_keep, uniq_sonja
Orc:2:    st_orc_congregation, layout_diamond_mine, serial_shops, shop,
          uniq_rupert, uniq_snorg, uniq_saint_roka
IceCv:    ice_cave_small_demon

Skill      XL: |  1  2  3  4  5  6  7  8  9 10 11 12 13 14 15 16 17 18 |
---------------+-------------------------------------------------------+-----
Fighting       | 2 3 4 5 8 10 12 14 | 14.0
Summonings     | 5 6 8 10 11 12 15 | 15.5
Spellcasting   | 3 4 5 6 8 |  8.9
Polearms       | 1 2 3 4 6 8 10 15 16 | 16.0
Stealth        | 2 3 4 |  4.0
Dodging        | 3 4 5 6 7 8 10 | 10.0
Invocations    | 4 6 8 10 12 | 12.0
Shields        | 3 4 |  4.0
Ice Magic      | 4 |  4.0
Air Magic      | 2 4 |  4.0
Short Blades   | 4 8 |  8.0
Evocations     | 4 6 8 |  8.0
Armour         | 4 |  4.0
Hexes          | 3 4 |  4.0

Action                   |  1- 3 |  4- 6 |  7- 9 | 10-12 | 13-15 | 16-18 || total
-------------------------+-------+-------+-------+-------+-------+-------++-------
Melee: Spear             |   116 |   174 |    57 |       |       |       ||   347
       Dagger            |       |       |   288 |    98 |       |       ||   386
       Quick blade       |       |       |       |   628 |  2271 |   644 ||  3543
       Halberd           |       |       |       |       |       |  1017 ||  1017
Throw: Dart              |       |       |    13 |     6 |     6 |     9 ||    34
 Cast: Summon Small Mamm |    10 |       |       |       |       |       ||    10
       Call Imp          |    13 |    15 |    24 |       |       |       ||    52
       Call Canine Famil |     1 |    12 |    26 |     5 |     2 |     1 ||    47
       Summon Ice Beast  |       |       |    19 |    60 |   132 |   103 ||   314
       Summon Lightning  |       |       |       |     8 |    31 |    30 ||    69
       Summon Guardian G |       |       |       |     1 |       |     2 ||     3
       Shadow Creatures  |       |       |       |       |    29 |   127 ||   156
       Summon Mana Viper |       |       |       |       |     1 |    10 ||    11
       Summon Hydra      |       |       |       |       |       |    44 ||    44
Invok: Heroism           |       |       |     2 |     7 |     4 |     2 ||    15
 Abil: Hop               |     1 |     2 |       |     3 |     3 |    14 ||    23
Evoke: Wand              |       |       |       |       |    10 |    16 ||    26
       Condenser vane    |       |       |       |       |       |     2 ||     2
  Use: Scroll            |     5 |     4 |     4 |     9 |     5 |    15 ||    42
       Potion            |       |     6 |     1 |     3 |     1 |     5 ||    16
 Stab: Sleeping          |     1 |       |       |       |     3 |    18 ||    22
       Invisible         |       |     2 |       |       |       |       ||     2
       Distracted        |       |       |     3 |    10 |    11 |    14 ||    38
       Petrified         |       |       |       |       |     5 |       ||     5
       Confused          |       |       |       |       |       |     2 ||     2
Armor: Ring mail         |    27 |    91 |    63 |   194 |   445 |   426 ||  1246
       Steam dragon scal |       |       |   146 |    22 |       |       ||   168
Dodge: Dodged            |    58 |   103 |   237 |   403 |   808 |   792 ||  2401
Block: Buckler           |       |       |    40 |   117 |   243 |    64 ||   464

Table legend: (Time is in decaauts)
 A = Elapsed time spent in this place.
 B = Non-inter-level travel time spent in this place.
 C = Inter-level travel time spent in this place.
 D = Time resting spent in this place.
 E = Time spent auto-exploring this place.
 F = Levels seen in this place.
 G = Mean time per level.
                   A        B        C        D        E       F      G
               +--------+--------+--------+--------+--------+-----+--------+
         Total |  52437 |  47748 |   4689 |  12195 |  25899 |  32 | 1638.7 |
       Dungeon |  25522 |  23010 |   2512 |   5522 |  12637 |  15 | 1701.5 |
        Temple |    122 |     69 |     53 |      0 |     67 |   1 |  122.0 |
          Lair |  10714 |   9868 |    846 |   1141 |   6957 |   6 | 1785.7 |
         Swamp |   8160 |   7816 |    344 |   4013 |   2687 |   4 | 2040.0 |
     Snake Pit |   1978 |   1956 |     22 |    824 |    723 |   2 |  989.0 |
  Orcish Mines |   4623 |   3714 |    909 |    323 |   2516 |   2 | 2311.5 |
        Bailey |    646 |    646 |      0 |    154 |     79 |   1 |  646.0 |
      Ice Cave |    670 |    670 |      0 |    216 |    229 |   1 |  670.0 |
               +--------+--------+--------+--------+--------+-----+--------+

Top non-repeatable levels by time:
   Orc:2: 3012 daAuts
     D:8: 2784 daAuts
 Swamp:4: 2741 daAuts
  Lair:6: 2719 daAuts
    D:11: 2700 daAuts
 Swamp:3: 2589 daAuts
    D:13: 2215 daAuts
     D:9: 2171 daAuts
     D:7: 2080 daAuts
  Lair:1: 2066 daAuts
    D:14: 2036 daAuts
 Snake:1: 1884 daAuts
  Lair:5: 1650 daAuts
   Orc:1: 1611 daAuts
     D:5: 1585 daAuts
